 Dungeon Crawl Stone Soup version 0.23-a0-275-g0cf4261 (webtiles) character file.

24977 Ijustatesigmund the Blocker (level 13, -4/92 HPs)
             Began as an Octopode Berserker on Oct 2, 2018.
             Was a High Priest of Trog.
             Engulfed by a cloud of freezing vapour (21 damage)
             ... in an ice cave.
             The game lasted 00:40:22 (16496 turns).

Ijustatesigmund the Blocker (Octopode Berserker)   Turns: 16496, Time: 00:40:23

Health: -4/92      AC:  1    Str: 16    XL:     13   Next: 16%
Magic:  17/17      EV: 17    Int:  6    God:    Trog [*****.]
Gold:   571        SH: 28    Dex: 18    Spells: 12/12 levels left

rFire    . . .     SeeInvis .   a - +6 war axe
rCold    . . .     Gourm    .   c - +10 large shield of Ignorance {rN+ Int-4}
rNeg     + . .     Faith    .   (helmet restricted)
rPois    +         Spirit   .   (no amulet)
rElec    .         Reflect  .   o - ring of protection from magic
rCorr    .         Harm     .   p - ring of stealth
MR       +....                  (no ring)
Stlth    +++++.....             (no ring)
HPRegen  0.25/turn              (no ring)
MPRegen  0.15/turn              (no ring)
                                (no ring)
                                (no ring)

@: no status effects
A: almost no armour, stealthy swim, amphibious, 8 rings, constrict 8, tentacle
spike 1, camouflage 1, agile 1, poison resistance, gelatinous body 1
a: Berserk, Trog's Hand, Brothers in Arms, Renounce Religion


You were in an ice cave.
You worshipped Trog.
Trog was extremely pleased with you.
You were not hungry.

You visited 1 branch of the dungeon, and saw 14 of its levels.
You also visited: Ice Cave.

You collected 699 gold pieces.
You spent 128 gold pieces at shops.

Inventory:

Hand Weapons
 a - a +6 war axe (weapon)
 f - a +1 vampiric hand axe
 t - a +4 flail of freezing
 y - a +0 blowgun
 E - a +4 lajatang of electrocution
Missiles
 q - 6 silver tomahawks (quivered)
 A - 6 curare-tipped needles
Armour
 c - the +10 large shield of Ignorance (worn) {rN+ Int-4}
   (You found it on level 7 of the Dungeon)

   It affects your intelligence (-4).
   It protects you from negative energy.
Jewellery
 o - a ring of protection from magic (left tentacle)
 p - a ring of stealth (right tentacle)
 D - an uncursed amulet of magic regeneration
Wands
 d - a wand of iceblast (7)
 i - a wand of flame (18)
 s - a wand of digging (18)
Scrolls
 g - a scroll of immolation
 h - 5 scrolls of remove curse
 j - a scroll of magic mapping
 n - 2 scrolls of enchant armour
 B - a scroll of teleportation
Potions
 k - a potion of heal wounds
 l - a potion of haste
 m - 2 potions of curing
 r - a potion of resistance
 u - 2 potions of brilliance
 v - a potion of flight
 w - a potion of might
 x - a potion of cancellation
 z - a potion of lignification
Miscellaneous
 C - a phantom mirror
Comestibles
 b - 15 rations


   Skills:
 - Level 9.8 Fighting
 - Level 11.3 Axes
 - Level 4.3 Throwing
 + Level 9.1 Dodging
 - Level 3.5 Stealth
 - Level 12.0 Shields
 - Level 5.8 Evocations


You had 12 spell levels left.
You didn't know any spells.
Your spell library was empty.

Dungeon Overview and Level Annotations

Branches:
Dungeon (14/15)            Temple (0/1) D:4            Lair (0/6) D:10
    Orc (0/2) D:9
 Vaults: D:13-14

Altars:
Cheibriados
Elyvilon
Fedhas
Okawaru
Ru
Zin
The Shining One
Beogh

Shops:
D:4 *

Portals:
Trove: D:13 (give +5 demon blade)

Annotations:
D:7 1 runed door, exclusion: 4 orange crystal statues IceCv exclusion: ice statue


Innate Abilities, Weirdness & Mutations

You cannot wear most types of armour.
You are very stealthy in the water. (Stealth+)
You are amphibious.
You can wear up to eight rings at the same time.
You can use your tentacles to constrict eight enemies at once.
Your skin changes colour to match your surroundings (Stealth+).
Your rubbery body absorbs attacks. (AC +1, EV +1)
One of your tentacles bears a spike.
You are agile. (Dex +2)
Your system is resistant to poisons. (rPois)


Message History

You hit the ice statue.
You pierce the ice statue.
You squeeze the ice statue.
The ice statue is almost destroyed.
You hit the ice beast. The ice statue gestures at you.
The freezing blast engulfs you! The ice beast hits you.
The ice beast freezes you!
Unknown command.
You hit the ice statue but do no damage.
You pierce the ice statue, but do no damage.
The ice statue is almost destroyed.
You hit the ice beast.
You are engulfed in freezing vapours.
You block the ice beast's attack.
You slash the ice statue!
You destroy the ice statue!
Trog accepts your kill.
The ice beast disappears in a puff of smoke! x2
You are engulfed in freezing vapours.
* * * LOW HITPOINT WARNING * * *
You feel better.
You are engulfed in freezing vapours.
You die...

##.#.### #### ##......8
#### ##..##
#.......####..#####....##
#........##....##.......#
#...........#.......∩.∩.#
#.........###..........#
#.......#§####..##....##
#.....§##§#≈≈######..##
#......§@§§≈≈≈§# ####
##....§##§§##≈§≈§
##....#§§## ≈§ ##..##§.#
#...#≈§§§ #...##§##§§
##.. §§ §§§ #§# §##§ #≈
§§ ..


There were no monsters in sight!

Vanquished Creatures
  Frances (D:13)
  Kirke (D:13)
  Snorg (D:11)
  3 two-headed ogres
  Sonja (D:11)
  A deep elf mage (D:12)
  2 manticores (D:12)
  4 ugly things
  A cyclops (D:13)
  An ice statue (IceCv)
  A redback zombie (D:13)
  2 efreet
  A kobold demonologist (D:13)
  An ice devil (IceCv)
  4 trolls
  4 hornets
  4 hippogriffs
  8 slime creatures (D:12)
  A spriggan (D:9)
  A shadow (D:13)
  6 hogs (D:13)
  2 wyverns
  15 yaks
  A hungry ghost (D:8)
  A water moccasin (D:10)
  4 sky beasts
  3 ice beasts
  5 orc warriors
  A phantom (D:6)
  2 ogres
  7 centaurs
  6 crocodiles
  6 bullfrogs
  6 scorpions
  A water moccasin skeleton (D:11)
  A wyvern skeleton (D:7)
  10 wights
  3 howler monkeys
  2 centaur zombies
  5 crimson imps
  5 jellies
  8 hounds
  2 quasits
  2 bullfrog skeletons
  2 centaur skeletons
  12 orc priests
  8 orc wizards
  An iguana (D:12)
  13 worker ants
  A hound zombie (D:11)
  3 hound skeletons
  13 adders
  A shadow imp (D:5)
  2 white imps (IceCv)
  8 ufetubi (IceCv)
  2 oozes (D:1)
  5 worms
  5 leopard geckos
  55 orcs
  4 giant cockroaches
  7 goblins
  6 hobgoblins
  6 jackals
  8 kobolds
  2 quokkas
  12 bats
  5 frilled lizards
  A jackal skeleton (D:4)
  12 rats
  A fungus (D:10)
342 creatures vanquished.

Vanquished Creatures (others)
  3 white imps (IceCv)
  5 ufetubi (IceCv)
8 creatures vanquished.

Grand Total: 350 creatures vanquished

Notes
Turn   | Place    | Note
-------+----------+-------------------------------------------
     0 | D:1      | Ijustatesigmund the Octopode Berserker began the quest for
                  | the Orb.
     0 | D:1      | Reached XP level 1. HP: 16/16 MP: 1/1
    62 | D:1      | Reached XP level 2. HP: 9/21 MP: 2/2
   711 | D:1      | Reached XP level 3. HP: 26/26 MP: 3/3
   878 | D:1      | You fall through a shaft!
   878 | D:2      | Found a sacrificial altar of Ru.
   916 | D:2      | Found a glowing golden altar of the Shining One.
   916 | D:2      | Found a blossoming altar of Fedhas.
  1097 | D:2      | Found a faded altar of an unknown god.
  1099 | D:2      | Found a faded altar of an unknown god.
  1100 | D:2      | Found an iron altar of Okawaru.
  1286 | D:2      | Reached ** piety under Trog
  1307 | D:2      | Noticed a bullfrog
  1314 | D:2      | Killed a bullfrog
  1314 | D:2      | Reached skill level 5 in Axes
  1314 | D:2      | Reached XP level 4. HP: 31/31 MP: 4/4
  1489 | D:1      | Reached XP level 5. HP: 36/36 MP: 5/5
  2217 | D:3      | Noticed a sky beast
  2233 | D:3      | Killed a sky beast
  2233 | D:3      | Reached XP level 6. HP: 38/42 MP: 6/6
  2373 | D:3      | Found an iron altar of Okawaru.
  2681 | D:4      | Found a staircase to the Ecumenical Temple.
  2721 | D:4      | Reached *** piety under Trog
  2750 | D:4      | Found a glowing drain.
  2866 | D:4      | Found Uddemn's Assorted Antiques.
  2876 | D:4      | Bought a scroll labeled UXOSAT SARGHYMM for 32 gold pieces
  2876 | D:4      | Bought a scroll labeled ASOEBAKLIV for 32 gold pieces
  2876 | D:4      | Bought a scroll labeled UXOSAT SARGHYMM for 32 gold pieces
  2876 | D:4      | Bought a scroll labeled ALEEXU WEILAUM for 32 gold pieces
  3119 | D:4      | Reached XP level 7. HP: 47/47 MP: 7/7
  3443 | D:5      | Entered Level 5 of the Dungeon
  4084 | D:5      | Found a white marble altar of Elyvilon.
  4531 | D:5      | You fall through a shaft for 3 floors!
  4620 | D:7      | Reached XP level 8. HP: 32/54 MP: 8/8
  4734 | D:6      | Reached skill level 5 in Fighting
  4734 | D:6      | Reached skill level 5 in Dodging
  5306 | D:6      | Found a glowing silver altar of Zin.
  5621 | D:6      | Reached skill level 1 in Stealth
  5622 | D:6      | Reached skill level 1 in Throwing
  5622 | D:6      | Reached skill level 1 in Evocations
  6531 | D:7      | Found a runed door.
  6549 | D:7      | Found the +10 large shield of Ignorance {rN+ Int-4}
  6562 | D:7      | Noticed an orange crystal statue
  6562 | D:7      | Noticed an orange crystal statue
  6562 | D:7      | Noticed an orange crystal statue
  6562 | D:7      | Noticed an orange crystal statue
  6563 | D:7      | Found a runed door.
  6620 | D:7      | Reached skill level 2 in Shields
  6672 | D:7      | Reached skill level 3 in Shields
  6672 | D:7      | Reached XP level 9. HP: 57/61 MP: 10/10
  6770 | D:7      | Reached skill level 4 in Shields
  7367 | D:8      | Reached skill level 5 in Shields
  7500 | D:8      | Reached **** piety under Trog
  7602 | D:8      | Reached skill level 6 in Shields
  7816 | D:9      | Noticed a two-headed ogre
  7832 | D:9      | Killed a two-headed ogre
  7832 | D:9      | Reached skill level 8 in Shields
  7910 | D:9      | Noticed a troll
  7921 | D:9      | Killed a troll
  7921 | D:9      | Reached skill level 9 in Shields
  7921 | D:9      | Reached XP level 10. HP: 61/66 MP: 11/11
  8164 | D:9      | Found a staircase to the Orcish Mines.
  8369 | D:9      | Found a snail-covered altar of Cheibriados.
  8546 | D:9      | Found a white marble altar of Elyvilon.
  8730 | D:9      | Reached skill level 10 in Shields
  9022 | D:10     | Entered Level 10 of the Dungeon
  9193 | D:10     | Reached ***** piety under Trog
  9423 | D:10     | Noticed a two-headed ogre
  9433 | D:10     | Killed a two-headed ogre
  9433 | D:10     | Reached XP level 11. HP: 62/75 MP: 12/12
  9623 | D:10     | Found a staircase to the Lair.
 11068 | D:11     | Noticed Snorg
 11077 | D:11     | Killed Snorg
 11128 | D:11     | Reached skill level 10 in Axes
 11174 | D:11     | Noticed Sonja
 11183 | D:11     | Killed Sonja
 11183 | D:11     | Reached skill level 11 in Shields
 11307 | D:11     | Found an iron altar of Okawaru.
 11523 | D:11     | Found a blossoming altar of Fedhas.
 12246 | D:12     | Received a gift from Trog
 12264 | D:12     | Noticed a deep elf mage
 12275 | D:12     | Killed a deep elf mage
 12677 | D:12     | Reached XP level 12. HP: 85/85 MP: 14/14
 12821 | D:12     | Paralysed by a hornet for 1 turns
 13341 | D:12     | Found a roughly hewn altar of Beogh.
 13575 | D:12     | Gained mutation: Your system is resistant to poisons.
                  | (rPois) [potion of mutation]
 13575 | D:12     | Gained mutation: You are agile. (Dex +2) [potion of
                  | mutation]
 13575 | D:12     | Gained mutation: One of your tentacles bears a spike.
                  | [potion of mutation]
 14105 | D:13     | Reached skill level 5 in Evocations
 14539 | D:13     | Noticed a two-headed ogre
 14558 | D:13     | Killed a two-headed ogre
 14558 | D:13     | Reached skill level 12 in Shields
 14996 | D:13     | Noticed Frances
 15010 | D:13     | Killed Frances
 15436 | D:13     | Noticed Kirke
 15456 | D:13     | Killed Kirke
 15456 | D:13     | Reached XP level 13. HP: 54/92 MP: 17/17
 15582 | D:13     | Found a portal to a secret trove of treasure.
 15697 | D:14     | Received a gift from Trog
 15857 | D:14     | Found a frozen archway.
 15861 | IceCv    | Entered an ice cave
 16496 | IceCv    | Engulfed by a cloud of freezing vapour

Vault maps used:
D:1:      lordsloth_arrival_two_stooges, roderic_st_hans_cross,
          minmay_heptomino_l4
D:2:      chequers_temple_overflow_minitemple, nicolae_ru_path_of_blood
D:3:      first_ration, okawaru_trees_1
D:4:      temple_statues, cheibrodos_sewer_entry_bend, serial_shops,
          nicolae_shop_stone
D:5:      old_standard_altar
D:6:      lemuel_round_altar
D:7:      chequers_guarded_unrand_ignorance
D:9:      cheibriados_altar_1, hiddenorc2_lemuel, the_bakery, elyvilon_altar_3
D:10:     grunt_lair_entry_orc_guard_hut
D:11:     basic_altar, fedhas_bush_and_centaur_altar, uniq_sonja, uniq_snorg
D:12:     david_defended_altar_orc
D:13:     trove_entry_hex_spiral, uniq_frances, uniq_kirke
D:14:     david_vaults_5, minivault_26, portal_ice_cave_entry_pillars_2
IceCv:    ice_cave_small_demon

Skill      XL: |  1  2  3  4  5  6  7  8  9 10 11 12 13 |
---------------+----------------------------------------+-----
Axes           | 4 5 6 7 9 10 11 | 11.3
Fighting       | 4 5 7 9 |  9.8
Dodging        | 4 5 8 9 |  9.1
Stealth        | 3 |  3.5
Throwing       | 2 4 |  4.3
Evocations     | 2 3 5 |  5.8
Shields        | 3 9 10 11 12 | 12.0

Action                   |  1- 3 |  4- 6 |  7- 9 | 10-12 | 13-15 || total
-------------------------+-------+-------+-------+-------+-------++-------
Melee: Hand axe          |    51 |   100 |   218 |   230 |       ||   599
       Constrict         |    13 |    24 |    38 |    80 |     3 ||   158
       Tentacles         |     9 |    24 |    49 |   149 |    14 ||   245
       Battleaxe         |       |       |    50 |       |       ||    50
       War axe           |       |       |       |   296 |    44 ||   340
       Kick              |       |       |       |    48 |    16 ||    64
 Fire: Blowgun           |       |       |       |     2 |       ||     2
Throw: Tomahawk          |       |       |     8 |     6 |       ||    14
Invok: Berserk           |     2 |     3 |     6 |    13 |       ||    24
       Trog's Hand       |       |       |     3 |     6 |     1 ||    10
Evoke: Wand              |       |       |       |       |     5 ||     5
  Use: Scroll            |       |     6 |    21 |     9 |     3 ||    39
       Potion            |       |       |     4 |     5 |     1 ||    10
 Stab: Distracted        |     1 |       |       |     2 |       ||     3
       Sleeping          |     3 |    11 |    11 |    19 |     2 ||    46
  Eat: Chunk             |     2 |     8 |     5 |    23 |     2 ||    40
       Ration            |       |       |     6 |     5 |     1 ||    12
Armor: Skin              |     3 |     7 |     9 |     5 |       ||    24
Dodge: Dodged            |    25 |    49 |   110 |    90 |    15 ||   289
Block: Large shield      |       |       |   144 |   518 |    48 ||   710

Table legend:
 A = Non-vault XP
 B = Vault XP
 C = Vault XP percentage of total XP
 D = Non-vault monster count
 E = Vault monster count
 F = Vault count percentage of total count
                 A         B        C        D         E       F
            +---------+---------+-------+---------+---------+-------
      Total |   25993 |    9689 |  27.2 |     272 |      69 |  20.2
            +---------+---------+-------+---------+---------+-------
        D:1 |      42 |      10 |  19.2 |      25 |       3 |  10.7
        D:2 |     149 |       0 |   0.0 |      19 |       0 |   0.0
        D:3 |     155 |       0 |   0.0 |      15 |       0 |   0.0
        D:4 |     341 |      11 |   3.1 |      15 |       2 |  11.8
        D:5 |     363 |       0 |   0.0 |      15 |       0 |   0.0
        D:6 |     458 |       0 |   0.0 |      16 |       0 |   0.0
        D:7 |    1195 |       0 |   0.0 |      17 |       0 |   0.0
        D:8 |     640 |       0 |   0.0 |      16 |       0 |   0.0
        D:9 |    3731 |     768 |  17.1 |      32 |      33 |  50.8
       D:10 |    2191 |     517 |  19.1 |      21 |       5 |  19.2
       D:11 |    2795 |    2086 |  42.7 |      19 |       3 |  13.6
       D:12 |    6528 |     125 |   1.9 |      34 |       3 |   8.1
       D:13 |    6470 |    5318 |  45.1 |      24 |       8 |  25.0
       D:14 |     935 |       0 |   0.0 |       4 |       0 |   0.0
      IceCv |       0 |     854 | 100.0 |       0 |      12 | 100.0
            +---------+---------+-------+---------+---------+-------
